 Dungeon Crawl Stone Soup version 0.27.0-1-g7a089689b8 (webtiles) character file.

Game seed: 10163827265475893271

38279 ZombieSheep the Fighter (level 14, -12/102 HPs)
             Began as a Gnoll Wanderer on Aug 5, 2021.
             Was a High Priest of Hepliaklqana.
             Mangled by a red very ugly thing (18 damage)
             ... on level 4 of the Abyss.
             The game lasted 00:43:48 (17711 turns).

ZombieSheep the Fighter (Gnoll Wanderer)           Turns: 17711, Time: 00:43:48

Health: -12/102    AC:  8    Str: 26    XL:     14   Next: 1%
Magic:  27/27      EV: 15    Int: 12    God:    Hepliaklqana [*****.]
Gold:   845        SH:  5    Dex: 13    Spells: 22/31 levels left

rFire    + . .     SeeInvis .   b - +10 dagger of the Iron City of Dis {drain, rC+ Str+8 Int+3}
rCold    + . .     Faith    .   (no shield)
rNeg     . . .     Spirit   .   E - +0 acid dragon scales
rPois    .         Reflect  +   k - +2 helmet
rElec    .         Harm     .   (no cloak)
rCorr    +         Rampage  .   (no gloves)
Will     +....     Rnd*Tele +   (no boots)
Stlth    ++++......             u - amulet of reflection
HPRegen  0.27/turn              g - ring of protection from fire
MPRegen  0.20/turn              m - +4 ring of slaying

@: about to teleport
A: reduced essence, fangs 1, strong nose, distributed training, [deformed body],
[teleportitis 2]
a: Renounce Religion, Recall Ancestor, Ancestor Identity, Transference, Idealise


You were on level 4 of the Abyss.
You worshipped Hepliaklqana.
Hepliaklqana was extremely pleased with you.
You visited 3 branches of the dungeon, and saw 17 of its levels.
You visited the Abyss 1 time.

You collected 845 gold pieces.

Inventory:

Hand Weapons
 a - the +4 longbow of Division {freeze, rPois Int+2}
   (You acquired it on level 8 of the Dungeon)

   Any ammunition fired from it freezes those it strikes, dealing additional
   cold damage.
   It can also slow down cold-blooded creatures.
   Int:       It affects your intelligence (+2).
   rPois:     It protects you from poison.
 b - the +10 dagger of the Iron City of Dis (weapon) {drain, rC+ Str+8 Int+3}
   (You found it on level 4 of the Dungeon)

   A truly terrible weapon, it drains the life of any living foe it strikes.
   Str:       It affects your strength (+8).
   Int:       It affects your intelligence (+3).
   rC:        It protects you from cold.
 h - a +1 war axe of flaming
 H - a +5 dire flail of freezing
 R - the +1 short sword "Heochoic" {vorpal, rElec rPois Int+4 Dex+3}
   (You found it on level 4 of the Lair of Beasts)

   It inflicts extra damage upon your enemies.
   Int:       It affects your intelligence (+4).
   Dex:       It affects your dexterity (+3).
   rElec:     It insulates you from electricity.
   rPois:     It protects you from poison.
Missiles
 r - a throwing net
 y - 66 arrows
Armour
 k - a +2 helmet (worn)
 n - a +0 kite shield
 C - a scarf of shadows
 E - +0 acid dragon scales (worn)
 G - a +4 scale mail of willpower
Jewellery
 d - a +4 ring of protection
 g - a ring of protection from fire (left hand)
 m - a +4 ring of slaying (right hand)
 s - a ring of wizardry
 t - a ring of magical power
 u - an amulet of reflection (around neck)
 w - a ring of positive energy
 J - an amulet of guardian spirit
 N - a ring of protection from cold
 Q - a ring of protection from cold
 S - a +4 ring of protection
Wands
 e - a wand of iceblast (14)
 A - a wand of charming (21)
 F - a wand of mindburst (9)
 O - a wand of polymorph (7)
 V - a wand of paralysis (12)
Scrolls
 l - 3 scrolls of magic mapping
 x - 5 scrolls of enchant weapon
 B - 3 scrolls of amnesia
 L - a scroll of enchant armour
 T - a scroll of torment {unknown}
 U - a scroll of identify
Potions
 c - 3 potions of flight
 f - 9 potions of curing
 i - 4 potions of cancellation
 j - 3 potions of heal wounds
 o - 2 potions of brilliance {unknown}
 p - a potion of lignification
 v - a potion of might
 D - a potion of magic {unknown}
 I - 3 potions of attraction
 K - a potion of berserk rage {unknown}
 M - a potion of ambrosia {unknown}
 P - a potion of haste {unknown}


   Skills:
 + Level 11.9 Fighting
 + Level 8.8 Short Blades
 + Level 8.8 Long Blades
 + Level 8.8 Axes
 + Level 8.8 Maces & Flails
 + Level 8.8 Polearms
 + Level 8.8 Staves
 + Level 8.8 Slings
 + Level 8.8 Bows
 + Level 8.8 Crossbows
 + Level 8.8 Throwing
 + Level 9.2 Armour
 + Level 8.8 Dodging
 + Level 9.1 Stealth
 + Level 9.2 Shields
 + Level 8.8 Unarmed Combat
 + Level 9.3 Spellcasting
 + Level 7.3 Conjurations
 + Level 7.3 Hexes
 + Level 8.3 Summonings
 + Level 7.3 Necromancy
 + Level 7.3 Translocations
 + Level 7.3 Transmutations
 + Level 7.3 Fire Magic
 + Level 7.3 Ice Magic
 + Level 7.3 Air Magic
 + Level 7.3 Earth Magic
 + Level 7.3 Poison Magic
 + Level 9.6 Invocations
 + Level 8.8 Evocations


You had 22 spell levels left.
You knew the following spells:

 Your Spells              Type           Power      Damage    Failure   Level
a - Summon Small Mammal   Summ           100%       N/A       1%          1
b - Dazzling Flash        Conj/Hex       46%        N/A       2%          3
c - Call Imp              Summ           25%        N/A       1%          2
d - Mephitic Cloud        Conj/Pois/Air  23%        N/A       2%          3

Your spell library contained the following spells:

 Spells                   Type           Power      Damage    Failure   Level
 Corona                   Hex            25%        N/A       1%          1
 Magic Dart               Conj           92%        1d7       1%          1
 Pain                     Necr           92%        1d8       1%          1
 Ensorcelled Hibernation  Hex/Ice        46%        N/A       1%          2
 Slow                     Hex            23%        N/A       1%          2
 Static Discharge         Conj/Air       23%        N/A       1%          2
 Sublimation of Blood     Necr           11%        N/A       1%          2
 Wereblood                Tmut           23%        N/A       1%          2
 Summon Guardian Golem    Hex/Summ       24%        N/A       1%          3
 Confusing Touch          Hex            23%        N/A       2%          3
 Gell's Gravitas          Tloc           11%        N/A       2%          3
 Ignite Poison            Fire/Tmut/Pois 23%        N/A       2%          3
 Lesser Beckoning         Tloc           11%        N/A       2%          3
 Teleport Other           Tloc           23%        N/A       2%          3
 Tukima's Dance           Hex            23%        N/A       2%          3
 Vampiric Draining        Necr           11%        2d7       2%          3
 Iskenderun's Mystic Bla  Conj/Tloc      23%        2d6       8%          4
 Passage of Golubria      Tloc           N/A        N/A       8%          4
 Sticky Flame             Conj/Fire      23%        2d4       8%          4
 Agony                    Necr           23%        N/A       21%         5
 Bolt of Magma            Conj/Fire/Erth 11%        4d7       21%         5
 Excruciating Wounds      Necr           11%        N/A       21%         5
 Yara's Violent Unravell  Hex/Tmut       11%        3d6       21%         5
 Conjure Ball Lightning   Conj/Air       11%        3x3d6     75%         6
 Dispersal                Tloc           11%        N/A       75%         6
 Starburst                Conj/Fire      11%        8x6d5     75%         6
 Summon Hydra             Summ           12%        N/A       99%         7


Dungeon Overview and Level Annotations

Branches:
Dungeon (10/15)            Temple (1/1) D:5            Lair (6/6) D:8
  Swamp (0/4) Lair:4       Spider (0/4) Lair:3        Slime (0/5) Lair:5
    Orc: D:9-12

Altars:
Ashenzari
Cheibriados
Dithmenos
Elyvilon
Fedhas
Gozag
Hepliaklqana
Kikubaaqudgha
Makhleb
Nemelex Xobeh
Okawaru
Qazlal
Ru
Sif Muna
Trog
Uskayaw
Vehumet
Wu Jian
Xom
Yredelemnul
Zin
The Shining One
Jiyva

Shops:
D:3 (

Annotations:
Lair:6 Rupert


Innate Abilities, Weirdness & Mutations

Your life essence is reduced to manifest your ancestor. (-10% HP)
You have very sharp teeth.
Your uncanny sense of smell can sniff out nearby items.
Your experience applies equally to all skills.
[Armour fits poorly on your strangely shaped body.]
[You are sometimes teleported next to monsters.]


Message History

You closely miss the brown very ugly thing.
You bite the brown very ugly thing!
The brown very ugly thing is moderately wounded.
The brown very ugly thing barely misses you.
You hit the brown very ugly thing but do no damage.
You drain the brown very ugly thing. You punch the brown very ugly thing.
The brown very ugly thing is moderately wounded.
The brown very ugly thing punches you!!
* * * LOW HITPOINT WARNING * * *
You are splashed with acid.
You resist.
* * * LOW HITPOINT WARNING * * *
Jaydra hits the red very ugly thing with a +0 dagger of draining.
Jaydra casts a spell at the red very ugly thing.
The red very ugly thing easily resists.
You puncture the brown very ugly thing! You drain the brown very ugly thing.
The brown very ugly thing is lightly wounded.
The brown very ugly thing barely misses you.
You puncture the brown very ugly thing! You drain the brown very ugly thing.
The brown very ugly thing is moderately wounded.
Jaydra closely misses the red very ugly thing.
As you read the scroll of teleportation, it crumbles to dust.
You feel strangely unstable.
You feel the power of the Abyss delaying your translocation!
You block the brown very ugly thing's attack.
The wretched star glows turbulently.
The lance of force hits Jaydra!!
Jaydra is knocked back by the lance of force.
The brown very ugly thing engulfs Jaydra.
Jaydra is splashed with acid!
Jaydra is destroyed!
The brown very ugly thing stings you!
* * * LOW HITPOINT WARNING * * *
You are splashed with acid.
You resist.
* * * LOW HITPOINT WARNING * * *
You puncture the red very ugly thing!
The red very ugly thing is moderately wounded.
You closely miss the red very ugly thing.
The red very ugly thing is moderately wounded.
The red very ugly thing gores you!!
You die...

## ... .# .
###.#.#.#
#######....# .
#..##u..#..# #
###u..!..u....#
#@u##†##..#.
##uu...#.##.#
#..###.### ..#
#.. ###.#.###
##.. .. .#
#...... . .#
.... . .. .#
...... #. .. .
..#... .#...
#.#


You could see 4 very ugly things and a brown ugly thing.

Vanquished Creatures
  A very ugly thing (Abyss:4)
  9 hydras
  2 catoblepae
  An anaconda (Lair:4)
  2 boulder beetles
  Erica (D:8)
  3 death yaks (Lair:2)
  Pikel (D:7)
  A will-o-the-wisp (Lair:4)
  An elephant (Lair:4)
  3 black mambas
  Joseph (Lair:1)
  8 cane toads
  A rime drake (Lair:4)
  7 komodo dragons
  2 trolls (D:9)
  2 polar bears
  3 dream sheep (Lair:4)
  5 blink frogs (Lair:2)
  Sigmund (D:2)
  5 wyverns
  24 yaks
  A shadow (D:9)
  A tarantella (shapeshifter) (D:8)
  5 basilisks
  An acid dragon (D:8)
  4 water moccasins
  An orc warrior (D:10)
  3 black bears
  A necrophage (D:5)
  An ice beast (D:6)
  3 ogres
  4 wolves (Lair:6)
  2 centaurs (D:8)
  A lemure (D:7)
  3 phantoms
  2 kobold brigands
  14 bullfrogs
  A gnoll sergeant (D:9)
  2 scorpions
  20 killer bees
  21 wights
  2 electric eels
  2 centaur zombies
  A howler monkey (D:8)
  3 bullfrog zombies
  A hound (D:5)
  A centaur skeleton (D:5)
  A gnoll shaman (D:8)
  2 orc priests
  3 jellies
  2 bullfrog skeletons
  3 iguanas
  7 orc wizards
  A howler monkey zombie (D:5)
  13 gnolls
  9 adders
  2 howler monkey skeletons
  A shadow imp (D:7)
  An ufetubus (D:7)
  6 dart slugs
  22 orcs
  7 endoplasms
  6 giant cockroaches
  9 hobgoblins
  3 jackals (D:2)
  18 kobolds
  7 quokkas
  3 ball pythons
  4 bats
  A frilled lizard (D:1)
  10 goblins
  5 rats
331 creatures vanquished.

Vanquished Creatures (collateral kills)
  A hydra (D:8)
  A death yak (Lair:4)
  A black mamba (Lair:3)
  A cane toad (Lair:2)
  A komodo dragon (Lair:2)
  2 blink frogs (Lair:2)
  2 dream sheep (Lair:4)
  A shadow (D:10)
  5 yaks
  A wyvern (Lair:4)
  A basilisk (Lair:4)
  A water moccasin (Lair:4)
  A wolf (Lair:6)
  A centaur (D:8)
  A kobold brigand (D:9)
  2 bullfrogs
  A killer bee (D:9)
  A wight (D:10)
  2 centaur zombies (D:9)
  A gnoll (D:8)
28 creatures vanquished.

Vanquished Creatures (others)
  2 ancestors
  12 hexers
  3 foxfires (Lair:4)
  24 fungi
  37 plants
  4 toadstools (D:5)
82 creatures vanquished.

Grand Total: 441 creatures vanquished

Notes
Turn   | Place    | Note
-------+----------+-------------------------------------------
     0 | D:1      | ZombieSheep the Gnoll Wanderer began the quest for the Orb.
     0 | D:1      | ZombieSheep set off with the following items: a +0 spear, a
                  | +0 kite shield, a +0 robe; and the following spell
                  | memorised: Summon Small Mammal; and the following spells
                  | available to memorise: Summon Guardian Golem
     0 | D:1      | Reached XP level 1. HP: 26/26 MP: 4/4
   204 | D:1      | Reached XP level 2. HP: 33/33 MP: 5/5
   787 | D:1      | Reached XP level 3. HP: 38/38 MP: 7/7
  1161 | D:1      | Found a faded altar of an unknown god.
  1205 | D:1      | Reached skill level 1 in Invocations
  1385 | D:2      | Reached skill level 1 in Short Blades
  1385 | D:2      | Reached skill level 1 in Long Blades
  1385 | D:2      | Reached skill level 1 in Axes
  1385 | D:2      | Reached skill level 1 in Maces & Flails
  1385 | D:2      | Reached skill level 1 in Polearms
  1385 | D:2      | Reached skill level 1 in Staves
  1385 | D:2      | Reached skill level 1 in Slings
  1385 | D:2      | Reached skill level 1 in Bows
  1385 | D:2      | Reached skill level 1 in Crossbows
  1385 | D:2      | Reached skill level 1 in Throwing
  1385 | D:2      | Reached skill level 1 in Dodging
  1385 | D:2      | Reached skill level 1 in Unarmed Combat
  1385 | D:2      | Reached skill level 1 in Evocations
  1472 | D:2      | Noticed a phantom
  1491 | D:2      | Killed a phantom
  1492 | D:2      | Reached skill level 1 in Conjurations
  1492 | D:2      | Reached skill level 1 in Hexes
  1492 | D:2      | Reached skill level 1 in Necromancy
  1492 | D:2      | Reached skill level 1 in Translocations
  1492 | D:2      | Reached skill level 1 in Transmutations
  1492 | D:2      | Reached skill level 1 in Fire Magic
  1492 | D:2      | Reached skill level 1 in Ice Magic
  1492 | D:2      | Reached skill level 1 in Air Magic
  1492 | D:2      | Reached skill level 1 in Earth Magic
  1492 | D:2      | Reached skill level 1 in Poison Magic
  1492 | D:2      | Reached XP level 4. HP: 23/45 MP: 8/8
  1492 | D:2      | Reached XP level 5. HP: 26/51 MP: 9/9
  1637 | D:2      | Noticed Sigmund
  1704 | D:3      | Found Gomp's Weapon Shop.
  1771 | D:3      | Noticed a black bear
  1777 | D:3      | Killed a black bear
  1778 | D:3      | Reached XP level 6. HP: 52/57 MP: 10/10
  1778 | D:3      | Found a shadowy altar of Dithmenos.
  2216 | D:3      | Found a sparkling altar of Nemelex Xobeh.
  2412 | D:3      | Found a snail-covered altar of Cheibriados.
  2949 | D:4      | Reached XP level 7. HP: 29/63 MP: 10/12
  3346 | D:4      | Identified the +10 dagger of the Iron City of Dis {drain,
                  | rC+ Str+8 Int+3}
  3401 | D:4      | Noticed a +0 dagger
  3401 | D:4      | Noticed a +0 hand axe
  3403 | D:4      | Found a hide-covered altar of Uskayaw.
  3415 | D:4      | Reached skill level 9 in Fighting
  3896 | D:2      | Killed Sigmund
  3897 | D:2      | Reached XP level 8. HP: 71/71 MP: 14/14
  4215 | D:5      | Entered Level 5 of the Dungeon
  4218 | D:5      | Found a staircase to the Ecumenical Temple.
  4229 | Temple   | Entered the Ecumenical Temple
  5274 | D:6      | Reached skill level 5 in Summonings
  5274 | D:6      | Reached XP level 9. HP: 68/76 MP: 16/16
  5825 | Temple   | Became a worshipper of Hepliaklqana the Forgotten
  5956 | D:7      | Noticed Pikel
  5987 | D:7      | Killed Pikel
  5988 | D:7      | Reached skill level 5 in Armour
  5988 | D:7      | Reached skill level 5 in Stealth
  5988 | D:7      | Reached skill level 5 in Shields
  5988 | D:7      | Reached skill level 5 in Spellcasting
  6460 | D:7      | Reached skill level 5 in Invocations
  6856 | D:8      | Noticed Erica
  6880 | D:8      | Killed Erica
  6881 | D:8      | Reached XP level 10. HP: 41/85 MP: 18/18
  7190 | D:8      | Found a staircase to the Lair.
  7215 | D:8      | Reached skill level 5 in Short Blades
  7215 | D:8      | Reached skill level 5 in Long Blades
  7215 | D:8      | Reached skill level 5 in Axes
  7215 | D:8      | Reached skill level 5 in Maces & Flails
  7215 | D:8      | Reached skill level 5 in Polearms
  7215 | D:8      | Reached skill level 5 in Staves
  7215 | D:8      | Reached skill level 5 in Slings
  7215 | D:8      | Reached skill level 5 in Bows
  7215 | D:8      | Reached skill level 5 in Crossbows
  7215 | D:8      | Reached skill level 5 in Throwing
  7215 | D:8      | Reached skill level 5 in Dodging
  7215 | D:8      | Reached skill level 5 in Unarmed Combat
  7215 | D:8      | Reached skill level 5 in Evocations
  7402 | D:8      | Reached skill level 10 in Fighting
  7504 | D:8      | Learned a level 3 spell: Dazzling Flash
  7524 | D:8      | Learned a level 2 spell: Call Imp
  7613 | D:8      | Reached * piety under Hepliaklqana
  7619 | D:8      | Found a shimmering blue altar of Sif Muna.
  7749 | D:8      | Noticed a five-headed hydra
  8760 | D:8      | Killed a five-headed hydra
  9063 | D:8      | Identified a scroll of acquirement
  9064 | D:8      | Acquired the +4 longbow of Division {freeze, rPois Int+2}
  9457 | D:9      | Reached XP level 11. HP: 73/81 MP: 20/20
  9966 | D:9      | Reached ** piety under Hepliaklqana
  9967 | D:9      | Remembered your ancestor Jaydra as a hexer
 10050 | D:9      | Found a faded altar of an unknown god.
 10050 | D:9      | Found a bloodstained altar of Trog.
 10057 | D:9      | Found a faded altar of an unknown god.
 10059 | D:9      | Found a stormy altar of Qazlal.
 10061 | D:9      | Found an ornate altar of the Wu Jian Council.
 10177 | D:9      | Learned a level 3 spell: Mephitic Cloud
 10202 | D:10     | Entered Level 10 of the Dungeon
 10367 | D:10     | Found an opulent altar of Gozag.
 10378 | D:10     | Reached skill level 5 in Conjurations
 10378 | D:10     | Reached skill level 5 in Hexes
 10378 | D:10     | Reached skill level 5 in Necromancy
 10378 | D:10     | Reached skill level 5 in Translocations
 10378 | D:10     | Reached skill level 5 in Transmutations
 10378 | D:10     | Reached skill level 5 in Fire Magic
 10378 | D:10     | Reached skill level 5 in Ice Magic
 10378 | D:10     | Reached skill level 5 in Air Magic
 10378 | D:10     | Reached skill level 5 in Earth Magic
 10378 | D:10     | Reached skill level 5 in Poison Magic
 11207 | Lair:1   | Entered Level 1 of the Lair of Beasts
 11325 | Lair:1   | Noticed Joseph
 11331 | Lair:1   | Killed Joseph
 12092 | Lair:1   | Reached *** piety under Hepliaklqana
 12512 | Lair:2   | Noticed a seven-headed hydra
 12521 | Lair:2   | Killed a seven-headed hydra
 12522 | Lair:2   | Reached XP level 12. HP: 89/89 MP: 23/23
 12560 | Lair:2   | Noticed a five-headed hydra
 12571 | Lair:2   | Killed a five-headed hydra
 12671 | Lair:2   | Reached skill level 11 in Fighting
 12800 | Lair:2   | Got the Guide on the Arsonist and Weightlessness
 12951 | Lair:2   | Noticed a death yak
 12957 | Lair:2   | Noticed a death yak
 12959 | Lair:2   | Noticed a death yak
 12994 | Lair:2   | Killed a death yak
 13001 | Lair:2   | Killed a death yak
 13132 | Lair:2   | Killed a death yak
 13431 | Lair:2   | Reached **** piety under Hepliaklqana
 13749 | Lair:3   | Noticed a four-headed hydra
 13759 | Lair:3   | Killed a four-headed hydra
 13945 | Lair:3   | Found a hole to the Spider Nest.
 14664 | Lair:4   | Reached XP level 13. HP: 95/95 MP: 25/25
 15402 | Lair:4   | Found a staircase to the Swamp.
 15966 | Lair:4   | Identified the +1 short sword "Heochoic" {vorpal, rElec
                  | rPois Int+4 Dex+3}
 16222 | Lair:5   | Found a staircase to the Slime Pits.
 16222 | Lair:5   | Found a viscous altar of Jiyva.
 16251 | Lair:5   | Reached ***** piety under Hepliaklqana
 17120 | Lair:6   | Entered Level 6 of the Lair of Beasts
 17227 | Lair:6   | Noticed Rupert
 17227 | Lair:6   | Paralysed by Rupert for 6 turns
 17239 | Lair:6   | Paralysed by Rupert for 3 turns
 17665 | Lair:6   | Paralysed by Rupert for 4 turns
 17668 | Lair:6   | Cast into level 4 of the Abyss (Rupert)
 17678 | Abyss:4  | Noticed a brown very ugly thing
 17690 | Abyss:4  | Noticed a brown very ugly thing
 17692 | Abyss:4  | Noticed a brown very ugly thing
 17693 | Abyss:4  | Killed a brown very ugly thing
 17694 | Abyss:4  | Reached XP level 14. HP: 23/102 MP: 27/27
 17696 | Abyss:4  | Noticed a brown very ugly thing
 17699 | Abyss:4  | Noticed a brown very ugly thing
 17707 | Abyss:4  | HP: 5/102 [acid (4)]
 17711 | Abyss:4  | Mangled by a red very ugly thing

Illustrated notes

Levels and vault maps discovered:
D:1:      dpeg_arrival_round_c, layout_loops_corners,
          hellmonk_ecumenical_altar_inner_sanctum, serial_forest,
          infiniplex_forest_clump_double, infiniplex_forest_straight_3,
          infiniplex_forest_corner_1, infiniplex_forest_clump_small,
          infiniplex_forest_clump_double
D:2:      layout_rooms, uniq_sigmund
D:3:      layout_basic, kennysheep_slug_shrine, nicolae_dithmenos_shadow_blocks,
          mainiacjoe_overflow_24_doors, serial_shops, shop_fountains,
          portal_sewer_entry_f, grunt_decor_clamped
D:4:      layout_basic, dancing_weapons_uskayaw, corner_web_ring
D:5:      wad_pebble_path, layout_cave_pools, minmay_temple_entry_glass,
          minmay_gold_behind_fungi
D:6:      layout_gridville
D:7:      layout_basic, grunt_ministairs_15, uniq_pikel
D:8:      layout_rooms, overflow_temple_1_default, david_lair_shrubbed,
          minmay_radiant, uniq_erica
D:9:      layout_roguey, chequers_temple_overflow_minitemple,
          grunt_decor_fettered
D:10:     layout_basic, grunt_gozag_statues, evilmike_butchery
Temple:   nicolae_temple_figure_eight
Lair:1:   layout_hall_layers, minivault_24, lemuel_fruit_tree,
          serial_bayou_shore_a, grunt_megastairs_4, uniq_joseph
Lair:2:   layout_regular_city, infiniplex_staircase_pool, grunt_megastairs_2,
          serial_bayou_shore_b
Lair:3:   layout_roguey, spider_nest_entry_web_field, grunt_megastairs_3
Lair:4:   nzn_winding_woodlands_three_and_one [nzn_winding_woodlands_5x15_eye,
          nzn_winding_woodlands_5x15_cabin,
          nzn_winding_woodlands_5x15_concentric,
          nzn_winding_woodlands_center_lodge], layout_misc_corridors,
          minmay_swamp_entry_wisps, nzn_sisyphean_effort, grunt_megastairs_1,
          infiniplex_staircase_pool_2
Lair:5:   layout_regular_city, slime_altar_1, serial_bayou_shore_b
Lair:6:   hangedman_lair_tendril_chambers, layout_big_grid, uniq_rupert,
          uniq_kirke
Abyss:4:  base: D:4, base: D:1, hangedman_summoners_spam

Skill      XL: |  1  2  3  4  5  6  7  8  9 10 11 12 13 |
---------------+----------------------------------------+-----
Invocations    | 1 2 3 4 5 6 7 8 9 |  9.6
Short Blades   | 1 2 3 4 5 6 7 8 |  8.8
Long Blades    | 1 2 3 4 5 6 7 8 |  8.8
Axes           | 1 2 3 4 5 6 7 8 |  8.8
Maces & Flails | 1 2 3 4 5 6 7 8 |  8.8
Polearms       | 1 2 3 4 5 6 7 8 |  8.8
Staves         | 1 2 3 4 5 6 7 8 |  8.8
Slings         | 1 2 3 4 5 6 7 8 |  8.8
Bows           | 1 2 3 4 5 6 7 8 |  8.8
Crossbows      | 1 2 3 4 5 6 7 8 |  8.8
Throwing       | 1 2 3 4 5 6 7 8 |  8.8
Dodging        | 1 2 3 4 5 6 7 8 |  8.8
Unarmed Combat | 1 2 3 4 5 6 7 8 |  8.8
Evocations     | 1 2 3 4 5 6 7 8 |  8.8
Spellcasting   | 3 4 5 6 7 8 9 |  9.3
Conjurations   | 1 2 3 4 5 6 7 |  7.3
Hexes          | 1 2 3 4 5 6 7 |  7.3
Necromancy     | 1 2 3 4 5 6 7 |  7.3
Translocations | 1 2 3 4 5 6 7 |  7.3
Transmutations | 1 2 3 4 5 6 7 |  7.3
Fire Magic     | 1 2 3 4 5 6 7 |  7.3
Ice Magic      | 1 2 3 4 5 6 7 |  7.3
Air Magic      | 1 2 3 4 5 6 7 |  7.3
Earth Magic    | 1 2 3 4 5 6 7 |  7.3
Poison Magic   | 1 2 3 4 5 6 7 |  7.3
Armour         | 3 4 5 6 7 8 9 |  9.2
Shields        | 3 4 5 6 7 8 9 |  9.2
Summonings     | 4 5 6 7 8 |  8.3
Stealth        | 3 4 5 6 7 8 9 |  9.1
Fighting       | 9 10 11 | 11.9

Action                   |  1- 3 |  4- 6 |  7- 9 | 10-12 | 13-15 || total
-------------------------+-------+-------+-------+-------+-------++-------
Melee: Spear             |   116 |   122 |    42 |       |       ||   280
       Bite              |    11 |     4 |    31 |    47 |     8 ||   101
       Punch             |       |     1 |     5 |     7 |     6 ||    19
       Dagger            |       |       |   209 |   326 |    47 ||   582
 Fire: Longbow           |       |       |       |   202 |   157 ||   359
 Cast: Summon Small Mamm |       |     2 |     1 |       |       ||     3
       Call Imp          |       |       |       |     1 |     1 ||     2
       Mephitic Cloud    |       |       |       |       |     3 ||     3
Invok: Recall Ancestor   |       |       |       |     1 |     2 ||     3
       Ancestor Life: He |       |       |       |     1 |       ||     1
Evoke: Wand              |       |       |       |       |     1 ||     1
  Use: Scroll            |     2 |     4 |     8 |     6 |     4 ||    24
       Potion            |       |       |     3 |     1 |     2 ||     6
 Stab: Sleeping          |     4 |     4 |     3 |     1 |     5 ||    17
       Distracted        |       |       |       |     3 |       ||     3
Armor: Ring mail         |    54 |    25 |       |       |       ||    79
       Scale mail        |       |    13 |    68 |    27 |       ||   108
       Acid dragon scale |       |       |       |    44 |    25 ||    69
Dodge: Dodged            |    67 |    40 |    97 |   161 |    34 ||   399
Block: Other             |       |       |    29 |    62 |    10 ||   101
       Reflection        |       |       |       |     4 |       ||     4
